 Dungeon Crawl Stone Soup version 0.30-a0-23-ge60ba3568b (webtiles) character file.

Game seed: 17330569785652351202

14587 SensoryNuts the Severer (level 12, -1/112 HPs)
             Began as a Hill Orc Fighter on Aug 25, 2022.
             Succumbed to Sonja's poison
             ... on level 12 of the Dungeon.
             The game lasted 00:13:48 (10924 turns).

SensoryNuts the Severer (Hill Orc Fighter)         Turns: 10924, Time: 00:13:49

Health: -1/112     AC: 23    Str: 20    XL:     12   Next: 18%
Magic:  12/12      EV:  7    Int:  8    God:
Gold:   448        SH:  6    Dex: 14    Spells: 11/11 levels left

rFire   + + .      SeeInvis .    a - +8 war axe (drain)
rCold   + + .      Faith    .    c - +0 buckler
rNeg    . . .      Spirit   .    k - +2 plate armour
rPois   +          Reflect  .    (no helmet)
rElec   +          Harm     .    s - +0 cloak
rCorr   +          Rampage  .    g - +0 pair of gloves
Will    .....                    (no boots)
Stlth   ..........               (no amulet)
HPRegen 1.08/turn                j - +4 ring of protection
MPRegen 0.13/turn                (no ring)

@: mighty, lethally poisoned (-1 -> -32), resistant, hasted, very quick
A: cold resistance 1, fire resistance 1, regeneration 1
a: no special abilities


You were on level 12 of the Dungeon.
You visited 2 branches of the dungeon, and saw 13 of its levels.

You collected 574 gold pieces.
You spent 126 gold pieces at shops.

Inventory:

Hand Weapons
 a - a +8 war axe of draining (weapon)
Missiles
 l - a throwing net
Armour
 c - a +0 buckler (worn)
 g - a +0 pair of gloves (worn)
 k - a +2 plate armour (worn)
 s - a +0 cloak (worn)
Jewellery
 b - a ring of protection from fire
 i - a ring of magical power
 j - a +4 ring of protection (left hand)
 p - a ring of positive energy
Wands
 n - a wand of mindburst (18)
 o - a wand of flame (30) (quivered)
 t - a wand of roots (8)
 C - a wand of digging (6)
Scrolls
 d - 2 scrolls of teleportation
 e - 2 scrolls of immolation
 f - a scroll of identify
 q - 2 scrolls of vulnerability
 u - a scroll of amnesia
 v - 4 scrolls of noise
Potions
 h - a potion of magic
 x - 2 potions of mutation
 B - a potion of berserk rage
 D - a potion of might
 E - 2 potions of flight


   Skills:
 + Level 12.2 Fighting
 + Level 16.5 Axes
 + Level 10.3 Armour
 + Level 1.4 Dodging
 + Level 0.8 Stealth
 + Level 7.0 Shields
 + Level 1.4 Evocations


You had 11 spell levels left.
You didn't know any spells.
Your spell library contained the following spells:

 Spells                   Type           Power      Damage    Failure   Level
 Call Canine Familiar     Summ           0%         N/A       100%        3
 Gell's Gravitas          Tloc           0%         N/A       100%        3
 Lesser Beckoning         Tloc           0%         N/A       100%        3
 Portal Projectile        Hex/Tloc       0%         N/A       100%        3
 Teleport Other           Tloc           0%         N/A       100%        3
 Leda's Liquefaction      Hex/Erth       0%         N/A       100%        4


Dungeon Overview and Level Annotations

Branches:
Dungeon (12/15)            Temple (1/1) D:7            Lair (0/5) D:10
    Orc: D:9-12

Altars:
Ashenzari
Cheibriados
Dithmenos
Elyvilon
Fedhas
Gozag
Hepliaklqana
Kikubaaqudgha
Makhleb
Nemelex Xobeh
Okawaru
Qazlal
Ru
Sif Muna
Trog
Uskayaw
Vehumet
Wu Jian
Xom
Yredelemnul
Zin
The Shining One

Shops:
D:6 ([(((   D:10 :(*[


Innate Abilities, Weirdness & Mutations

Your flesh is cold resistant. (rC+)
Your flesh is heat resistant. (rF+)
Your natural rate of healing is unusually fast.


Message History

You feel extremely sick. Sonja hits you but does no damage.
You are more poisoned.
Sonja hits you but does no damage.
You are more poisoned.
Sonja hits you but does no damage.
You are more poisoned.
Something hits you but does no damage.
You are more poisoned.
You miss Sonja.
Sonja is moderately wounded.
You slash something!
Reactivating autopickup.
You feel a bit more experienced.
You feel extremely sick.
Sonja hits you with a +2 dagger of venom!
You are more poisoned.
Sonja hits you but does no damage.
You are more poisoned.
You block Sonja's attack.
You slice Sonja!!
You kill Sonja!
* * * LOW HITPOINT WARNING * * *
You feel extremely sick.
Your Shields skill increases to level 7!
Unknown command.
* * * LOW HITPOINT WARNING * * *
You feel extremely sick.
Things that are here:
a +2 dagger of venom; 3 curare-tipped darts
Okay, then.
Sorry, you're not good enough to have a special ability.
Okay, then.
You feel protected.
* * * LOW HITPOINT WARNING * * *
You feel extremely sick.
Unknown command.
Okay, then.
You feel yourself speed up.
You die...

#.....#####.......<.
+.....'..##..≈......
#.....##.##.≈≈≈≈...
########.##.≈≈≈§...
#....§≈≈≈#####
..##....≈§.§#...#
.......)§≈....8.
####...))§§.#..
#.##.)@.## .
#.#####..# #.. ..#
#.. ..# §.# ..# ..'
..#


There were no monsters in sight!

Vanquished Creatures
  Erolcha (D:11)
  A hydra (D:11)
  3 two-headed ogres
  Sonja (D:12)
  Pikel (D:5)
  2 manticores
  2 gargoyles
  2 kobold demonologists (D:10)
  4 trolls
  Prince Ribbit (D:9)
  A slime creature (D:7)
  Sigmund (D:2)
  2 shadows (D:11)
  3 wraiths
  10 yaks
  A steam dragon (D:7)
  A wyvern (D:9)
  Menkaure (D:6)
  3 vampire mosquitoes (D:11)
  Edmund (D:5)
  2 water moccasins (D:7)
  2 orc warriors (D:7)
  An ice beast (D:7)
  5 centaurs
  2 ogres
  2 phantoms
  A kobold brigand (D:10)
  3 bullfrogs
  2 lemures (D:5)
  A scorpion (D:5)
  3 necrophages
  3 water moccasin zombies (D:4)
  9 wights
  16 killer bees
  A howler monkey (D:11)
  A centaur zombie (D:4)
  A human zombie (D:4)
  6 orc priests
  4 hounds
  3 jellies
  3 gnoll boudas
  Jessica (D:3)
  8 iguanas
  A scorpion zombie (D:4)
  7 orc wizards
  A hound zombie (D:4)
  A mummy (D:4)
  7 gnolls
  7 adders
  2 shadow imps
  A white imp (D:7)
  2 ufetubi
  An adder zombie (D:4)
  2 worms
  2 dart slugs
  36 orcs
  7 ball pythons
  4 endoplasms
  4 giant cockroaches
  3 goblins
  11 hobgoblins
  10 kobolds
  2 quokkas
  5 bats
  5 frilled lizards
  11 rats
254 creatures vanquished.

Vanquished Creatures (others)
  10 fungi (D:5)
  2 plants (D:1)
12 creatures vanquished.

Grand Total: 266 creatures vanquished

Notes
Turn   | Place    | Note
-------+----------+-------------------------------------------
     0 | D:1      | SensoryNuts the Hill Orc Fighter began the quest for the
                  | Orb.
     0 | D:1      | Reached XP level 1. HP: 19/19 MP: 1/1
    91 | D:1      | Reached XP level 2. HP: 27/27 MP: 2/2
   431 | D:1      | Found a faded altar of an unknown god.
   451 | D:1      | Reached skill level 3 in Axes
   479 | D:1      | Reached XP level 3. HP: 33/33 MP: 3/3
   932 | D:2      | Noticed Sigmund
   939 | D:2      | Killed Sigmund
   940 | D:2      | Reached skill level 5 in Axes
   940 | D:2      | Reached XP level 4. HP: 26/41 MP: 4/4
   940 | D:2      | Reached XP level 5. HP: 30/47 MP: 5/5
  1319 | D:2      | Reached XP level 6. HP: 35/55 MP: 6/6
  1876 | D:3      | Found a glowing silver altar of Zin.
  1917 | D:3      | Reached skill level 5 in Fighting
  2101 | D:3      | Reached skill level 6 in Axes
  2193 | D:3      | Noticed Jessica
  2195 | D:3      | Killed Jessica
  2316 | D:3      | Found a glowing golden altar of the Shining One.
  2889 | D:4      | Reached XP level 7. HP: 39/61 MP: 7/7
  3222 | D:4      | Found a shimmering blue altar of Sif Muna.
  3333 | D:4      | Reached skill level 7 in Axes
  3685 | D:4      | Reached skill level 8 in Axes
  3801 | D:4      | Reached skill level 5 in Armour
  3801 | D:4      | Reached XP level 8. HP: 68/71 MP: 8/8
  3906 | D:4      | Found an ancient bone altar of Kikubaaqudgha.
  3937 | D:4      | Reached skill level 9 in Axes
  3985 | D:5      | Entered Level 5 of the Dungeon
  4071 | D:5      | Noticed Pikel
  4087 | D:5      | Killed Pikel
  4088 | D:5      | Reached skill level 10 in Axes
  4300 | D:5      | Found a snail-covered altar of Cheibriados.
  4410 | D:5      | Reached XP level 9. HP: 71/79 MP: 9/9
  4559 | D:5      | Found a sacrificial altar of Ru.
  4678 | D:5      | Noticed Edmund
  4691 | D:5      | Killed Edmund
  5139 | D:6      | Reached skill level 11 in Axes
  5406 | D:6      | Reached skill level 5 in Shields
  5593 | D:6      | Found Juhyxos's Antique Weapon Emporium.
  5606 | D:6      | Noticed a troll
  5623 | D:6      | Killed a troll
  5797 | D:6      | Found Aklorim's Weapon Shoppe.
  5869 | D:6      | Found Zoliru's Weapon Shoppe.
  5960 | D:6      | Identified the +7 trident of the Bruised Yaks {speed, rN+
                  | Int+4 Dex-5 Stlth+}
  6085 | D:6      | Found Ofuof's Antique Weapon Boutique.
  6114 | D:6      | Found Ihari's Antique Armour Shop.
  6134 | D:6      | Noticed Menkaure
  6141 | D:6      | Killed Menkaure
  6182 | D:6      | Gained mutation: Your natural rate of healing is unusually
                  | fast. [potion of mutation]
  6182 | D:6      | Gained mutation: Your flesh is cold resistant. (rC+)
                  | [potion of mutation]
  6182 | D:6      | Gained mutation: Your flesh is heat resistant. (rF+)
                  | [potion of mutation]
  6217 | D:7      | Found a staircase to the Ecumenical Temple.
  6244 | D:7      | Noticed a +0 dagger
  6245 | D:7      | Found a hide-covered altar of Uskayaw.
  6245 | D:7      | Noticed a +0 hand axe
  6260 | D:7      | Reached skill level 12 in Axes
  6264 | Temple   | Entered the Ecumenical Temple
  6380 | D:7      | You fall into a shaft and drop 3 floors!
  6380 | D:10     | Entered Level 10 of the Dungeon
  6493 | D:9      | Noticed a two-headed ogre
  6505 | D:9      | Killed a two-headed ogre
  6506 | D:9      | Reached XP level 10. HP: 38/90 MP: 10/10
  6579 | D:8      | Found a radiant altar of Vehumet.
  6621 | D:8      | Found a bloodstained altar of Trog.
  6623 | D:8      | Noticed a two-headed ogre
  6638 | D:8      | Killed a two-headed ogre
  6639 | D:8      | Reached skill level 13 in Axes
  6842 | D:7      | Reached skill level 14 in Axes
  6848 | D:7      | Reached skill level 10 in Fighting
  6949 | D:7      | Found a blossoming altar of Fedhas.
  7112 | D:7      | Found an opulent altar of Gozag.
  7133 | D:7      | Found a basalt altar of Yredelemnul.
  7136 | D:7      | Found an iron altar of Okawaru.
  7747 | D:9      | Found a stormy altar of Qazlal.
  8055 | D:9      | Reached XP level 11. HP: 83/101 MP: 11/11
  8173 | D:9      | Reached skill level 15 in Axes
  8326 | D:9      | Noticed Prince Ribbit
  8349 | D:9      | Killed Prince Ribbit
  8477 | D:10     | Found Umnaqibo's Armour Boutique.
  8482 | D:10     | Found Zofar's General Store.
  8509 | D:10     | Found Esecaant's Weapon Shoppe.
  8510 | D:10     | Bought a potion of berserk rage for 70 gold pieces
  8510 | D:10     | Bought a potion of might for 56 gold pieces
  8632 | D:10     | Found a staircase to the Lair.
  8655 | D:10     | Found a sparkling altar of Nemelex Xobeh.
  8660 | D:10     | Noticed a two-headed ogre
  8668 | D:10     | Killed a two-headed ogre
  8774 | D:10     | Found Yquiresoxa's Book Boutique.
  8862 | D:10     | Noticed a manticore
  8872 | D:10     | Killed a manticore
  8884 | D:10     | Reached skill level 16 in Axes
  9256 | D:11     | Noticed a manticore
  9261 | D:11     | Killed a manticore
  9621 | D:11     | Noticed Erolcha
  9630 | D:11     | Killed Erolcha
  9701 | D:11     | Reached skill level 1 in Dodging
  9810 | D:11     | Noticed an eight-headed hydra
 10108 | D:11     | Found a white marble altar of Elyvilon.
 10298 | D:11     | Reached XP level 12. HP: 112/112 MP: 12/12
 10692 | D:11     | Killed a nine-headed hydra
 10693 | D:11     | Reached skill level 10 in Armour
 10883 | D:12     | Reached skill level 1 in Evocations
 10910 | D:12     | Noticed Sonja
 10921 | D:12     | Killed Sonja
 10924 | D:12     | Succumbed to Sonja's poison

Illustrated notes

Levels and vault maps discovered:
D:1:      onia_arrival_handbag, layout_basic,
          ebering_ecumenical_altar_petrified, nicolae_grassy_gnolls
D:2:      layout_loops_ring, small_statue_intersection, hangedman_decor_points,
          feat_on_display, uniq_sigmund
D:3:      layout_basic, tso_metal_star, mainiacjoe_overflow_brackets,
          serial_corexii_hall, chequers_hall_statues_y, corexii_hall_statues_x,
          uniq_jessica
D:4:      layout_cave_pools, mainiacjoe_overflow_paths,
          lemuel_mausoleum_altar_kikubaaqudgha, skrybe_limestone_x
D:5:      layout_basic, cheibriados_altar_1, mainiacjoe_overflow_chevrons,
          kennysheep_donut, reono_crystal_passage, grunt_tough_drop,
          uniq_edmund, uniq_pikel
D:6:      layout_rooms, serial_shops, shop, shop_fountains, shop,
          nicolae_shop_stone, nicolae_shop_hallway_stairs, uniq_menkaure
D:7:      cheibrodos_fzero, layout_rooms, grunt_gozag_statues,
          dancing_weapons_uskayaw, mainiacjoe_overflow_concentric_impassable,
          chequers_temple_overflow_statue_of_worship,
          minmay_temple_entry_arrows, feat_on_display
D:8:      layout_loops_cross, trog_three_pillars_becter,
          mainiacjoe_overflow_catwalk, serial_glass, glass_columns_a,
          glass_columns_a
D:9:      layout_basic, nicolae_qazlal_scattered_showers, uniq_prince_ribbit1
D:10:     layout_basic, kennysheep_mini_moat, lair_entry_dummy, serial_shops,
          shop, nicolae_shop_stone, nicolae_shop_bloodbath_and_beyond,
          nicolae_shop_advertising_works [nicolae_subvault_shop_adworks]
D:11:     minmay_inner_zag, layout_stronghold, elyvilon_altar_1, uniq_erolcha
D:12:     layout_basic, hiddenorc2_lemuel, uniq_sonja
Temple:   hellmonk_temple_beads

Skill      XL: |  1  2  3  4  5  6  7  8  9 10 11 12 |
---------------+-------------------------------------+-----
Fighting       | 4 5 6 7 8 10 12 | 12.2
Axes           | 3 5 6 8 10 12 14 16 | 16.5
Armour         | 4 5 7 8 9 10 | 10.3
Shields        | 4 5 6 7 |  7.0
Dodging        | 1 |  1.4
Evocations     | 1 |  1.4
Stealth        | |  0.8

Action                   |  1- 3 |  4- 6 |  7- 9 | 10-12 || total
-------------------------+-------+-------+-------+-------++-------
Melee: War axe           |    52 |   141 |   242 |   337 ||   772
Evoke: Wand              |       |       |       |    17 ||    17
  Use: Potion            |     1 |     3 |     8 |    11 ||    23
       Scroll            |       |     9 |     6 |    18 ||    33
Armor: Scale mail        |    10 |    13 |       |       ||    23
       Plate armour      |       |    98 |   162 |   294 ||   554
       Skin              |       |       |       |    24 ||    24
Dodge: Dodged            |    25 |    37 |    47 |   114 ||   223
Block: Buckler           |     9 |    36 |    70 |    93 ||   208

Table legend: (Time is in decaauts)
 A = Elapsed time spent in this place.
 B = Non-inter-level travel time spent in this place.
 C = Inter-level travel time spent in this place.
 D = Time resting spent in this place.
 E = Time spent auto-exploring this place.
 F = Levels seen in this place.
 G = Mean time per level.
                   A        B        C        D        E       F      G
               +--------+--------+--------+--------+--------+-----+--------+
         Total |  10948 |  10493 |    455 |    602 |   8141 |  13 |  842.2 |
       Dungeon |  10837 |  10382 |    455 |    602 |   8051 |  12 |  903.1 |
        Temple |    110 |    110 |      0 |      0 |     90 |   1 |  110.0 |
               +--------+--------+--------+--------+--------+-----+--------+

Top non-repeatable levels by time:
    D:11: 1406 daAuts
     D:5: 1374 daAuts
     D:4: 1127 daAuts
     D:3: 1012 daAuts
    D:10: 980 daAuts
     D:2: 964 daAuts
     D:1: 938 daAuts
     D:6: 869 daAuts
     D:9: 824 daAuts
     D:8: 695 daAuts
     D:7: 568 daAuts
  Temple: 110 daAuts
    D:12: 76 daAuts
